 Dungeon Crawl Stone Soup version 0.29.1-1-gd02db6906a (webtiles) character file.

Game seed: 17672254996268082496

565047 EvilAshe the Invulnerable (level 26, -27/190 HPs)
             Began as a Gargoyle Berserker on Sept 16, 2022.
             Was the Champion of Trog.
             Killed from afar by a Brimstone Fiend (48 damage)
             ... with damnation
             ... summoned by a dread lich
             ... on level 5 of the Realm of Zot on Sept 17, 2022.
             The game lasted 03:13:12 (73367 turns).

EvilAshe the Invulnerable (Gargoyle Berserker)     Turns: 73367, Time: 03:13:12

Health: -27/190    AC: 62    Str: 33 (36) XL:     26   Next: 77%
Magic:  7/7        EV: 14    Int:  9      God:    Trog [******]
Gold:   3284       SH: 23    Dex: 13      Spells: 25/25 levels left

rFire   + + +      SeeInvis +   b - +6 morningstar (antimagic)
rCold   + + .      Faith    .   n - +2 kite shield {rF+}
rNeg    + . .      Spirit   .   o - +6 gold dragon scales
rPois   ∞          Reflect  +   X - +2 hat {SInv}
rElec   +          Harm     .   E - scarf {rC+ rF+}
rCorr   .          Rampage  +   R - +1 pair of gloves of Ykhlaetho {rPois Will++ Dex+4}
Will    +++..                   u - +2 pair of boots {rampage}
Stlth   ..........              C - amulet of reflection
HPRegen 0.41/turn               W - +4 ring of slaying
MPRegen 0.10/turn               m - +6 ring of strength

@: flying, studying 2 skills, unable to drink
A: sickness immunity, AC +20, big wings, negative energy resistance 1,
electricity resistance, torment resistance 1, petrification resistance, weak 1,
inability to drink after injury 1
}: 3/15 runes: serpentine, barnacled, silver
a: Renounce Religion, Berserk, Trog's Hand, Brothers in Arms


You were on level 5 of the Realm of Zot.
You worshipped Trog.
Trog was exalted by your worship.
You visited 9 branches of the dungeon, and saw 45 of its levels.
You also visited: Sewer and Ice Cave.

You collected 7982 gold pieces.
You spent 4698 gold pieces at shops.

Inventory:

Hand Weapons
 a - a +9 eveningstar of draining
 b - a +6 antimagic morningstar (weapon)
Missiles
 h - 307 stones
 i - 15 curare-tipped darts
 p - 39 boomerangs (quivered)
 z - 47 poisoned darts
 F - 5 silver boomerangs
 M - 9 throwing nets
Armour
 n - a +2 kite shield of fire resistance (worn)
 o - +6 gold dragon scales (worn)
 u - a +2 pair of boots of rampaging (worn)
 E - a scarf of resistance (worn)
 R - the +1 pair of gloves of Ykhlaetho (worn) {rPois Will++ Dex+4}
   (You found it on level 1 of the Lair of Beasts)

   Dex:       It affects your dexterity (+4).
   rPois:     It protects you from poison.
   Will:      It greatly increases your willpower.
 X - a +2 hat of see invisible (worn)
Jewellery
 l - a ring of protection from cold
 m - a +6 ring of strength (right hand)
 y - a +6 ring of intelligence
 C - an amulet of reflection (around neck)
 N - a +6 ring of dexterity
 U - a ring of protection from fire
 W - a +4 ring of slaying (left hand)
 Y - a ring of resist corrosion
 Z - the ring of Iliehopt {Will+ Dex+7 SInv}
   (You found it on level 3 of the Depths)

   [ring of willpower]

   Dex:       It affects your dexterity (+7).
   SInv:      It lets you see invisible.
   Will:      It increases your willpower.
Wands
 c - a wand of polymorph (3)
 H - a wand of light (12)
 J - a wand of paralysis (39)
 K - a wand of roots (38)
 O - a wand of mindburst (11)
 P - a wand of flame (25)
Scrolls
 e - 11 scrolls of poison
 k - 2 scrolls of fear
 q - 2 scrolls of silence
 s - 2 scrolls of summoning
 v - 4 scrolls of fog
 w - 4 scrolls of teleportation
 G - 3 scrolls of blinking
Potions
 f - 6 potions of haste
 g - 4 potions of heal wounds
 j - 28 potions of curing
 r - 12 potions of mutation
 t - a potion of invisibility
 x - 5 potions of magic
 D - 10 potions of berserk rage
 I - 3 potions of cancellation
 Q - 5 potions of ambrosia
 S - 7 potions of might
 T - 4 potions of resistance
Miscellaneous
 d - a lightning rod (4/4)
 A - a box of beasts
 B - a phantom mirror
 L - a condenser vane
 V - a phial of floods


   Skills:
 + Level 26.1 Fighting
 - Level 16.0 Maces & Flails
 + Level 16.5 Throwing
 O Level 27 Armour
 + Level 17.4 Dodging
 - Level 23.0 Shields
 - Level 13.0 Evocations


You had 25 spell levels left.
You didn't know any spells.
Your spell library was empty.

Dungeon Overview and Level Annotations

Branches:
Dungeon (15/15)            Temple (1/1) D:7            Lair (5/5) D:9
 Shoals (4/4) Lair:2        Snake (4/4) Lair:3        Slime (0/5) Lair:5
    Orc (2/2) D:11            Elf (0/3) Orc:2        Vaults (5/5) D:13
  Crypt (0/3) Vaults:3     Depths (4/4) D:15            Zot (5/5) Depths:4
  Sewer (visited)           IceCv (visited)

Altars:
Dithmenos
Elyvilon
Fedhas
Gozag
Hepliaklqana
Okawaru
Qazlal
Sif Muna
Uskayaw
Vehumet
Wu Jian
Xom
Yredelemnul
Zin
Jiyva

Shops:
D:1 :   D:5 !   D:13 *   Orc:2 *([:   Shoals:3 :(   Snake:2 [   Vaults:1 *
Vaults:3 =   Vaults:5 ?!   Depths:1 =   Depths:2 ?   Depths:3 :(*[   Depths:4 (

Portals:
Hell: Depths:1 Depths:2 Depths:3 Depths:4
Abyss: Depths:3
Pandemonium: Depths:1 Depths:2
Ziggurat: Depths:3
Trove: Depths:1 (give +4 demon whip)

Annotations:
D:10 Fannar
Lair:5 exclusion: 4 oklob plants
Shoals:3 3 runed translucent doors, diceflayer's ghost, adept DsFi
Vaults:1 3 runed translucent doors, 2 transporters, exclusions: obsidian statue and orange crystal statue, PanSaczeczos's ghost, adept GnDe
Depths:1 1 transporter
Zot:5 1 exclusion


Innate Abilities, Weirdness & Mutations

You are immune to sickness and miasma.
Your stone body is resilient. (AC +20)
You are immune to poison.
Your large and strong wings let you fly.
You resist negative energy. (rN+)
You are resistant to electric shocks. (rElec)
You are resistant to unholy torment.
You are immune to petrification.
You are weak. (Str -2)
You occasionally lose the ability to drink potions when taking damage.


Message History

You block the green draconian's attack.
You enter a dispersal trap!
The Orb Guardian blinks!
The green death blinks!
The green draconian blinks!
The electric golem blinks! x2; The dread lich blinks!
The green death blinks!
The Tzitzimitl blinks!
The dread lich blinks!
The green draconian blinks!
The Tzitzimitl blinks!
The Orb Guardian blinks!
The electric golem blinks!
The green death blinks!
The dread lich blinks!
You blink.
The moth of wrath's fur bristles in rage as it notices you.
The electric golem hurls lightning at you.
The bolt of lightning hits you. You resist.
* * * LOW HITPOINT WARNING * * *
The Tzitzimitl calls on the powers of darkness!
Your body is wracked with pain!
* * * LOW HITPOINT WARNING * * *
The green draconian convulses!
Blink to where?
Press: ? - help, Dir - move target
As you read the scroll of blinking, it crumbles to dust.
You hear a roar!
The Tzitzimitl enters a dispersal trap!
The dread lich blinks!
The electric golem blinks!
The dread lich blinks!
The green death blinks!
The green draconian blinks!
The moth of wrath blinks!
You blink.
The electric golem crackles and sizzles.
The electric golem falters for a moment.
The dread lich mumbles some strange words.
Really fly into that dispersal trap?
You enter a dispersal trap!
The dread lich blinks!
The green death blinks!
The Brimstone Fiend blinks!
The dread lich blinks!
The moth of wrath blinks!
The green death blinks!
The Orb Guardian blinks!
The electric golem blinks!
You blink.
You hear a roar!
The green death gestures at you.
The bolt of poison hits you but does no damage.
You resist.
You hear a roar!
The Brimstone Fiend calls on the powers of darkness!
Your body is wracked with pain!
* * * LOW HITPOINT WARNING * * *
The Brimstone Fiend gestures at you.
The sphere of damnation explodes!
The damnation engulfs you!!!
You die...

..............##
^..........)...##
................##
.....^...........#
........^......^.#
..........^......#
.................#
...^.............#
................@#
...........2....##
...............##
..............##
▓▓▓▓▓▓##.1...▓▓
.............^▓▓
.§.............▓▓
..§...^.........▓▓
y.............^..▓


You could see a Brimstone Fiend (summoned) and a green death (summoned).

Vanquished Creatures
  6 dread liches
  7 ancient liches
  3 orbs of fire
  A juggernaut (Depths:2)
  6 Killer Klowns (Zot:5)
  4 curse toes
  Xtahua (Vaults:3)
  13 golden dragons
  Nikola (Depths:1)
  2 electric golems
  2 hellephants (Depths:3)
  Jorgrun (Snake:2)
  16 tentacled monstrosities
  24 Orb Guardians (Zot:5)
  5 liches
  A walking earthen tome (Depths:2)
  3 titans
  2 krakens
  5 quicksilver dragons
  9 death cobs
  5 sphinxes
  8 shadow dragons
  Gastronok (Lair:3)
  8 tengu reavers
  Agnes (D:15)
  Kirke (D:15)
  Donald (Snake:1)
  13 storm dragons
  2 iron dragons
  8 nagarajas
  5 draconian knights (Zot:2)
  4 draconian monks
  Ilsuiw (Shoals:2)
  An orc warlord (Orc:2)
  16 fire giants
  3 deep elf sorcerers
  3 spectral caustic shrikes (Depths:4)
  A curse skull (Depths:4)
  8 draconian scorchers
  Aizul (Snake:1)
  Louise (Snake:4)
  17 frost giants
  15 vault wardens
  2 ghost moths
  6 draconian shifters
  3 draconian stormcallers
  3 draconian annihilators
  29 very ugly things
  14 ironbound preservers
  4 war gargoyles
  13 stone giants
  8 ironbound thunderhulks
  2 deep elf demonologists (Depths:3)
  3 vampire knights
  10 green draconians
  3 entropy weavers
  17 black draconians
  2 deep elf annihilators
  An entropy weaver (shapeshifter) (Vaults:5)
  9 red draconians
  12 yellow draconians
  10 white draconians
  7 dire elephants
  6 purple draconians
  11 spark wasps
  A deep elf death mage (Vaults:5)
  2 merfolk javelineers
  A crystal guardian (Vaults:4)
  11 merfolk impalers
  3 deep elf high priests (Vaults:5)
  13 ettins
  10 fire dragons
  10 yaktaur captains
  31 vault guards
  9 hydras
  5 salamander tyrants
  4 great orbs of eyes
  2 peacekeepers
  4 boulder beetles
  Harold (D:10)
  2 spriggan air magi
  9 ice dragons
  A rakshasa (Depths:2)
  12 centaur warriors
  Erica (D:9)
  20 anacondas
  6 ironbound frosthearts
  A caustic shrike simulacrum (IceCv)
  A satyr (shapeshifter) (Vaults:5)
  An anaconda (shapeshifter) (Depths:2)
  An alligator snapping turtle (Shoals:4)
  3 two-headed ogres
  6 deep troll shamans
  8 death yaks
  6 merfolk aquamancers
  24 naga warriors
  6 merfolk avatars
  2 satyrs
  4 tengu warriors
  10 hell hogs (Depths:3)
  13 naga sharpshooters
  2 deep troll earth magi
  6 spriggan berserkers
  A vampire mage (Vaults:3)
  6 hell knights
  5 shock serpents
  6 soul eaters (Depths:3)
  A shadow wraith (Vaults:5)
  12 iron trolls
  A goliath frog (shapeshifter) (Vaults:5)
  Lodul (D:9)
  8 salamander mystics
  A flayed ghost (Depths:2)
  51 deep trolls
  5 glowing orange brains
  7 naga ritualists
  23 lindwurms
  A shadow dragon zombie (Vaults:4)
  18 sea snakes
  An orange crystal statue (IceCv)
  20 harpies
  5 phantasmal warriors
  7 ironbound convokers
  Pikel (D:5)
  A deep elf zephyrmancer (Depths:3)
  4 necromancers
  5 deep elf pyromancers
  14 mana vipers
  40 ugly things
  2 orc knights
  8 orc sorcerers
  9 wizards
  16 manticores
  13 cyclopes
  A faun (shapeshifter) (Vaults:5)
  15 fauns
  42 moths of wrath
  11 elephants
  9 merfolk sirens
  15 salamanders
  16 naga magi
  3 gargoyles
  Joseph (D:9)
  38 black mambas
  12 guardian serpents
  15 vault sentinels
  4 cane toads
  10 water nymphs
  An ice statue (D:15)
  8 komodo dragons
  5 centaur skeletons (D:15)
  A kobold demonologist (D:12)
  An unseen horror (D:12)
  5 efreet
  13 yaktaurs
  3 tengu conjurers
  2 golden dragon simulacra (IceCv)
  6 freezing wraiths
  5 rime drakes
  A silent spectre (Depths:3)
  A polar bear (shapeshifter) (D:12)
  33 merfolk
  8 trolls
  6 meliai (D:15)
  A troll (shapeshifter) (D:15)
  A tarantella (Vaults:3)
  12 hornets
  Grinder (D:4)
  5 wind drakes
  A merfolk (shapeshifter) (Vaults:4)
  7 polar bears
  8 dream sheep
  22 slime creatures
  14 snapping turtles
  A human simulacrum (Vaults:4)
  28 blink frogs
  Sigmund (D:4)
  An ettin zombie (Vaults:4)
  19 water elementals
  3 vampires (Vaults:3)
  3 wraiths
  19 spriggans
  A hog (D:15)
  7 wyverns
  A fire bat (shapeshifter) (Vaults:5)
  33 yaks
  3 basilisks
  Grum (D:9)
  A redback (Vaults:3)
  6 vampire mosquitoes
  3 wargs (Orc:2)
  39 nagas
  2 harpy simulacra (IceCv)
  Edmund (D:6)
  Menkaure (D:7)
  A hydra simulacrum (IceCv)
  Duvessa (D:7)
  11 water moccasins
  39 orc warriors
  A sky beast (D:6)
  13 black bears
  2 alligator simulacra (IceCv)
  9 boggarts
  18 ogres
  27 wolves
  A phantom (D:5)
  8 centaurs
  3 lemures
  A bullfrog (shapeshifter) (Vaults:5)
  2 kobold brigands (D:9)
  11 bullfrogs
  3 necrophages
  4 scorpions
  Dowan (D:7)
  10 electric eels (Snake:1)
  2 howler monkeys (D:8)
  2 lava snakes (D:11)
  4 jellies
  20 orc priests
  4 hounds
  2 gnoll boudas
  Ijyb (D:4)
  2 iguanas
  24 orc wizards
  A boggart zombie (D:15)
  15 adders
  8 gnolls
  5 white imps
  An ufetubus (D:6)
  A worm (D:4)
  2 dart slugs
  103 orcs
  15 endoplasms
  5 giant cockroaches
  5 hobgoblins
  3 jackals (D:3)
  8 quokkas
  3 training dummies (Shoals:3)
  13 ball pythons
  7 bats
  13 frilled lizards
  5 goblins
  18 kobolds
  4 rats
1955 creatures vanquished.

Vanquished Creatures (collateral kills)
  A salamander (Snake:4)
1 creature vanquished.

Vanquished Creatures (others)
  A draconian knight (Zot:5)
  A stone giant (Zot:3)
  An ice dragon (Depths:2)
  An ogre mage (Depths:3)
  A wizard (D:15)
  A necromancer (Vaults:4)
  2 moths of wrath
  A faun (Shoals:1)
  A merfolk (Shoals:2)
  2 humans
  A naga (Snake:3)
  An orc (Orc:2)
  74 fungi
  134 plants
  9 tentacles
  8 toadstools (D:3)
239 creatures vanquished.

Grand Total: 2195 creatures vanquished

Notes
Turn   | Place    | Note
-------+----------+-------------------------------------------
     0 | D:1      | EvilAshe the Gargoyle Berserker began the quest for the
                  | Orb.
     0 | D:1      | Reached XP level 1. HP: 14/14 MP: 1/1
    55 | D:1      | Found Fanurar's Book Boutique.
   361 | D:1      | Reached XP level 2. HP: 18/19 MP: 2/2
  1001 | D:1      | Reached XP level 3. HP: 23/23 MP: 3/3
  1601 | D:2      | Reached ** piety under Trog
  1648 | D:3      | Found a glowing drain.
  1724 | Sewer    | Entered a sewer
  1756 | Sewer    | Reached XP level 4. HP: 28/28 MP: 4/4
  1858 | Sewer    | Reached skill level 5 in Maces & Flails
  2515 | D:2      | Reached XP level 5. HP: 32/32 MP: 5/5
  2727 | D:2      | Found a faded altar of an unknown god.
  3272 | D:4      | Noticed Grinder
  3633 | D:3      | Reached *** piety under Trog
  3834 | D:3      | Reached XP level 6. HP: 35/37 MP: 6/6
  4211 | D:5      | Entered Level 5 of the Dungeon
  4640 | D:5      | Reached XP level 7. HP: 41/41 MP: 7/7
  4890 | D:5      | Found Zexzoxua's Distillery.
  5706 | D:5      | Noticed Pikel
  6136 | D:4      | Noticed Sigmund
  6203 | D:5      | Killed Pikel
  6204 | D:5      | Reached skill level 10 in Maces & Flails
  6204 | D:5      | Reached XP level 8. HP: 42/46 MP: 8/8
  6308 | D:6      | Noticed Edmund
  6320 | D:6      | Killed Edmund
  6598 | D:6      | Found a basalt altar of Yredelemnul.
  6702 | D:6      | Reached XP level 9. HP: 50/51 MP: 9/9
  7232 | D:6      | Reached skill level 3 in Armour
  7408 | D:7      | Noticed Menkaure
  7421 | D:7      | Killed Menkaure
  7580 | D:7      | Found a staircase to the Ecumenical Temple.
  7591 | D:7      | Noticed Duvessa
  7598 | D:7      | Noticed Dowan
  7600 | D:7      | Killed Duvessa
  7605 | D:7      | Killed Dowan
  7634 | Temple   | Entered the Ecumenical Temple
  7978 | D:4      | Killed Sigmund
  7994 | D:4      | Noticed Ijyb
  8005 | D:4      | Killed Ijyb
  8006 | D:4      | Reached skill level 4 in Armour
  8147 | D:4      | Found a hide-covered altar of Uskayaw.
  8638 | D:4      | Found a glowing silver altar of Zin.
  8641 | D:4      | Found an ornate altar of the Wu Jian Council.
  8696 | D:4      | Paralysed by Grinder for 5 turns
  8701 | D:4      | Killed Grinder
  8702 | D:4      | Reached skill level 5 in Fighting
  9362 | D:8      | Found a radiant altar of Vehumet.
  9977 | D:10     | Entered Level 10 of the Dungeon
  9977 | D:10     | Noticed Joseph
  9983 | D:9      | Killed Joseph
  9984 | D:9      | Reached skill level 5 in Armour
  9984 | D:9      | Reached XP level 10. HP: 60/60 MP: 10/10
 10131 | D:9      | Noticed Grum
 10140 | D:9      | Killed Grum
 10264 | D:9      | Reached **** piety under Trog
 10378 | D:9      | Noticed Erica
 10391 | D:9      | Killed Erica
 10392 | D:9      | Reached skill level 6 in Armour
 10500 | D:10     | Noticed Lodul
 10512 | D:9      | Killed Lodul
 10666 | D:9      | Found a staircase to the Lair.
 11199 | D:10     | Noticed Fannar
 11205 | D:9      | Reached XP level 11. HP: 54/67 MP: 11/11
 11530 | D:10     | Reached skill level 7 in Armour
 11789 | D:10     | Noticed Harold
 11806 | D:10     | Killed Harold
 11836 | D:10     | Noticed a deep elf pyromancer
 12301 | Lair:1   | Entered Level 1 of the Lair of Beasts
 12776 | Lair:1   | Reached skill level 8 in Armour
 12803 | Lair:1   | Identified the +1 pair of gloves of Ykhlaetho {rPois Will++
                  | Dex+4}
 12807 | Lair:1   | Identified the +8 dagger of the Fifty Geomancers {spect,
                  | Str+4 SInv}
 12833 | Lair:1   | Reached skill level 15 in Maces & Flails
 12959 | Lair:1   | Identified the +1 scale mail of Refuge {Harm rC+ rN+ Int+7}
 13702 | Lair:1   | Reached XP level 12. HP: 56/76 MP: 12/12
 13908 | Lair:1   | Reached skill level 9 in Armour
 14492 | Lair:2   | Found a staircase to the Shoals.
 14779 | Lair:3   | Noticed Gastronok
 15078 | Lair:3   | Reached skill level 10 in Fighting
 15245 | Lair:4   | Noticed a death yak
 15245 | Lair:4   | Noticed a death yak
 15245 | Lair:4   | Noticed a death yak
 15257 | Lair:3   | Killed a death yak
 15258 | Lair:3   | Reached skill level 10 in Armour
 15314 | Lair:4   | Killed a death yak
 15324 | Lair:4   | Killed a death yak
 15588 | Lair:4   | Reached skill level 11 in Armour
 15634 | Lair:5   | Entered Level 5 of the Lair of Beasts
 15721 | Lair:4   | Reached XP level 13. HP: 77/85 MP: 13/13
 16546 | Lair:5   | Reached skill level 12 in Armour
 16681 | Lair:5   | Reached skill level 1 in Throwing
 16719 | Lair:5   | Reached ***** piety under Trog
 16786 | Lair:5   | Found a viscous altar of Jiyva.
 17619 | Lair:5   | Received a gift from Trog
 17709 | Lair:5   | Reached skill level 13 in Armour
 17737 | Lair:5   | Gained mutation: Your large and strong wings let you fly.
                  | [Gargoyle growth]
 17737 | Lair:5   | Reached XP level 14. HP: 48/94 MP: 14/14
 18427 | Lair:5   | Found a staircase to the Slime Pits.
 18680 | Lair:5   | Reached skill level 5 in Throwing
 18810 | Lair:3   | Killed Gastronok
 18811 | Lair:3   | Reached skill level 5 in Dodging
 18885 | Lair:3   | Found a staircase to the Snake Pit.
 19123 | D:11     | Found a staircase to the Orcish Mines.
 19154 | D:10     | Received a gift from Trog
 19594 | Orc:1    | Entered Level 1 of the Orcish Mines
 19717 | Orc:2    | Entered Level 2 of the Orcish Mines
 20485 | D:1      | Bought a manual of Armour for 960 gold pieces
 20916 | Orc:2    | Found a staircase to the Elven Halls.
 21162 | Orc:2    | Found Pog Guosk's Assorted Antiques.
 21286 | Orc:2    | Received a gift from Trog
 21504 | Orc:2    | Found a shimmering blue altar of Sif Muna.
 21510 | Orc:2    | Reached skill level 14 in Armour
 22133 | Orc:2    | Found Hiqoful's Book Boutique.
 22253 | Orc:2    | Reached ****** piety under Trog
 22262 | Orc:2    | Received a gift from Trog
 22289 | Orc:2    | Noticed an orc warlord
 22407 | Orc:2    | Found Yriuxef's Antique Weapon Emporium.
 22422 | Orc:2    | Killed an orc warlord
 22427 | Orc:2    | Found Keiroeng's Antique Armour Shoppe.
 22615 | Orc:2    | Bought a pair of embroidered boots for 255 gold pieces
 22837 | Snake:1  | Entered Level 1 of the Snake Pit
 23178 | Snake:1  | Noticed Aizul
 23197 | Snake:1  | Killed Aizul
 23258 | Snake:1  | Reached XP level 15. HP: 101/101 MP: 15/15
 23278 | Snake:1  | Reached skill level 15 in Armour
 23797 | Snake:1  | Noticed Donald
 23823 | Snake:1  | Killed Donald
 23986 | Snake:1  | Reached skill level 1 in Shields
 24378 | Snake:3  | Noticed Jorgrun
 24388 | Snake:2  | Killed Jorgrun
 24689 | Snake:1  | Received a gift from Trog
 25021 | Snake:2  | Found Tiecw's Antique Armour Shoppe.
 25028 | Snake:2  | Bought a pair of embroidered boots for 202 gold pieces
 25047 | Snake:2  | Noticed a nagaraja
 25062 | Snake:2  | Reached skill level 15 in Fighting
 25069 | Snake:2  | Killed a nagaraja
 25230 | Snake:2  | Reached skill level 16 in Armour
 25803 | Snake:3  | Noticed a nagaraja
 25827 | Snake:3  | Killed a nagaraja
 26537 | Snake:2  | Reached XP level 16. HP: 89/108 MP: 16/16
 26749 | Snake:4  | Entered Level 4 of the Snake Pit
 26868 | Snake:3  | Reached skill level 5 in Shields
 26981 | Snake:3  | Reached skill level 17 in Armour
 27890 | Snake:4  | Identified a scroll of acquirement
 27890 | Snake:4  | Acquired a manual of Fighting
 28086 | Snake:4  | Noticed Louise
 28101 | Snake:4  | Killed Louise
 28314 | Snake:4  | Noticed a nagaraja
 28708 | Snake:4  | Killed a nagaraja
 28952 | Snake:4  | Received a gift from Trog
 29224 | Snake:4  | Reached skill level 18 in Armour
 29371 | Snake:4  | Noticed a nagaraja
 29397 | Snake:4  | Reached XP level 17. HP: 81/116 MP: 17/17
 30038 | Snake:4  | Got a serpentine rune of Zot
 30540 | Shoals:1 | Entered Level 1 of the Shoals
 30559 | Shoals:1 | Found Qaurot's Magic Scroll Shop.
 30606 | Shoals:1 | Received a gift from Trog
 30634 | Shoals:1 | Reached skill level 10 in Throwing
 31019 | Shoals:1 | Reached skill level 19 in Armour
 31277 | Shoals:2 | Noticed Ilsuiw
 31463 | Shoals:1 | Noticed a kraken
 31482 | Shoals:1 | Killed a kraken
 32028 | Shoals:2 | Killed Ilsuiw
 32273 | Shoals:2 | Received a gift from Trog
 32290 | Shoals:2 | Acquired a +4 eveningstar of draining
 32821 | Shoals:2 | Noticed a kraken
 32835 | Shoals:2 | Killed a kraken
 32836 | Shoals:2 | Reached XP level 18. HP: 80/126 MP: 18/18
 33043 | Shoals:2 | Reached skill level 10 in Dodging
 33686 | Shoals:3 | Found Buepead's Firing Range.
 33700 | Shoals:3 | Received a gift from Trog
 33822 | Shoals:4 | Entered Level 4 of the Shoals
 34265 | Shoals:4 | Reached skill level 20 in Armour
 34281 | Shoals:4 | Reached skill level 10 in Shields
 34552 | Shoals:3 | Found Lajipt's Book Shop.
 34560 | Shoals:3 | Bought a manual of Shields for 1360 gold pieces
 34865 | Shoals:3 | Found a runed translucent gate.
 34865 | Shoals:3 | Found a runed translucent gate.
 34870 | Shoals:3 | Found a runed translucent gate.
 34871 | Shoals:3 | Noticed diceflayer's ghost (adept DsFi)
 35095 | Shoals:3 | Noticed a titan
 35133 | Shoals:3 | Killed a titan
 35333 | Shoals:3 | Received a gift from Trog
 35990 | Shoals:4 | Found the +10 Black Knight's barding {ponderous, rPois rN+}
 36636 | Shoals:4 | Got a barnacled rune of Zot
 36870 | D:11     | You are sucked into a shaft and drop 1 floor!
 36972 | D:12     | Reached skill level 1 in Evocations
 37489 | D:13     | Found a radiant altar of Vehumet.
 37845 | D:13     | Found a gate to the Vaults.
 38067 | D:13     | Reached XP level 19. HP: 135/135 MP: 19/19
 38162 | D:13     | Found Pidweuxot's General Store.
 38720 | D:13     | Received a gift from Trog
 38959 | D:15     | Entered Level 15 of the Dungeon
 39093 | D:15     | Found a frozen archway.
 39138 | IceCv    | Entered an ice cave
 39300 | IceCv    | Found a transporter.
 39307 | IceCv    | Found a transporter.
 39350 | IceCv    | Identified the ring "Sotu Vown" {rN++ Will+ Str+3}
 39642 | D:15     | Noticed Agnes
 39650 | D:15     | Killed Agnes
 39782 | D:15     | Found a staircase to the Depths.
 40022 | D:14     | Found a stormy altar of Qazlal.
 40659 | D:15     | Noticed Kirke
 40670 | D:15     | Killed Kirke
 41233 | Vaults:1 | Entered Level 1 of the Vaults
 42014 | Vaults:1 | Received a gift from Trog
 42015 | Vaults:1 | Reached skill level 21 in Armour
 42382 | Vaults:1 | Found a runed translucent gate.
 42382 | Vaults:1 | Found a runed translucent gate.
 42382 | Vaults:1 | Found a runed translucent gate.
 42384 | Vaults:1 | Found an opulent altar of Gozag.
 42384 | Vaults:1 | Found Katoenum's Assorted Antiques.
 42385 | Vaults:1 | Noticed PanSaczeczos's ghost (adept GnDe)
 42666 | Vaults:1 | Reached skill level 5 in Evocations
 42753 | Vaults:1 | Reached XP level 20. HP: 52/144 MP: 20/20
 43116 | Vaults:1 | Found a transporter.
 43367 | Vaults:1 | Found a transporter.
 43995 | Vaults:2 | Reached skill level 15 in Shields
 44484 | Vaults:2 | Received a gift from Trog
 45017 | Vaults:3 | Noticed Xtahua
 45041 | Vaults:3 | Killed Xtahua
 45136 | Vaults:3 | Identified the +7 quarterstaff "Zeassuuri" {vorpal, rPois
                  | rC+ Str+5 Int+2}
 46330 | Vaults:3 | Found Cueps's Jewellery Shop.
 46502 | Vaults:3 | Found a staircase to the Crypt.
 47290 | Vaults:4 | Identified the +7 flail "Yhoterunle" {flame, rN+ SInv}
 47849 | Vaults:4 | Reached XP level 21. HP: 150/150 MP: 21/21
 48322 | Vaults:4 | Received a gift from Trog
 48805 | Orc:2    | Bought a manual of Armour for 1360 gold pieces
 49103 | Vaults:5 | Entered Level 5 of the Vaults
 49113 | Vaults:5 | Reached skill level 22 in Armour
 49233 | Vaults:5 | Received a gift from Trog
 49702 | Vaults:5 | Noticed an ancient lich
 49704 | Vaults:5 | Noticed an ancient lich
 49748 | Vaults:5 | Noticed a golden dragon
 50110 | Vaults:5 | Noticed a golden dragon
 50599 | Vaults:5 | Killed an ancient lich
 50763 | Vaults:5 | Killed a golden dragon
 50764 | Vaults:5 | Reached skill level 23 in Armour
 50789 | Vaults:5 | Received a gift from Trog
 51127 | Vaults:4 | Acquired a manual of Shields
 51144 | Vaults:5 | Killed an ancient lich
 51145 | Vaults:5 | Reached XP level 22. HP: 146/158 MP: 7/22
 51155 | Vaults:5 | Killed a golden dragon
 51254 | Vaults:5 | Found Ymedaviw's Magic Scroll Boutique.
 51258 | Vaults:5 | Bought a scroll of enchant weapon for 150 gold pieces
 51258 | Vaults:5 | Bought a scroll of blinking for 150 gold pieces
 51258 | Vaults:5 | Bought a scroll of teleportation for 60 gold pieces
 51258 | Vaults:5 | Bought a scroll of blinking for 150 gold pieces
 51468 | Vaults:5 | Found Qiriec's Distillery.
 51513 | Vaults:5 | Noticed an ancient lich
 52220 | Vaults:5 | Killed an ancient lich
 52449 | Vaults:5 | Noticed a golden dragon
 52469 | Vaults:5 | Killed a golden dragon
 52777 | Vaults:5 | Noticed a dread lich
 52793 | Vaults:5 | Killed a dread lich
 52970 | Vaults:5 | Identified the +4 great sword of the Curious Runes
                  | {antimagic, Will+}
 53122 | Vaults:5 | Got a silver rune of Zot
 53493 | Depths:1 | Entered Level 1 of the Depths
 53495 | Depths:1 | Found a portal to a secret trove of treasure.
 53503 | Depths:1 | Found a transporter.
 53583 | Depths:1 | Noticed Nikola
 53607 | Depths:1 | Killed Nikola
 53871 | Depths:1 | Identified the +11 shortbow "Wiomigg" {flame, Int+4 Dex+6}
 53872 | Depths:1 | Found a one-way gate leading to the halls of Pandemonium.
 54046 | Depths:1 | Found Sikymp's Jewellery Shoppe.
 54233 | Depths:2 | Found Sisour's Magic Scroll Shoppe.
 54237 | Depths:2 | Bought a scroll of teleportation for 51 gold pieces
 54290 | Depths:1 | Received a gift from Trog
 54462 | Depths:1 | Acquired 1026 gold pieces
 54490 | Depths:1 | Reached skill level 10 in Evocations
 54703 | Depths:1 | Found a gateway to Hell.
 55301 | Depths:2 | Reached skill level 24 in Armour
 55667 | Depths:2 | Noticed a golden dragon
 55680 | Depths:2 | Killed a golden dragon
 55684 | Depths:2 | Noticed a juggernaut
 55698 | Depths:2 | Killed a juggernaut
 55846 | Depths:2 | Identified the amulet "Okhle" {*Slow Regen+ Str+2 Stlth+}
 56208 | Depths:2 | Reached XP level 23. HP: 164/165 MP: 23/23
 56282 | Depths:2 | Received a gift from Trog
 56475 | Depths:2 | Identified the +11 sling of Luymn {speed, rN+ Will- rCorr
                  | Stlth+}
 56817 | Depths:2 | Identified the +10 battleaxe of Extremism {elec, *Slow
                  | Int+4 SInv}
 58361 | Depths:3 | Found a blossoming altar of Fedhas.
 58362 | Depths:3 | Identified the +8 broad axe "Rofusy" {spect, Will+}
 58395 | Depths:3 | Received a gift from Trog
 58801 | Depths:3 | Reached skill level 25 in Armour
 58812 | Depths:3 | Found Hisyra's General Store.
 58814 | Depths:4 | Entered Level 4 of the Depths
 59310 | Depths:3 | Found Xairielo's Armour Shop.
 59310 | Depths:3 | Found Jaudghah's Book Boutique.
 59313 | Depths:3 | Found Ramekle's Antique Weapon Boutique.
 59358 | Depths:3 | Found a one-way gate to the infinite horrors of the Abyss.
 59362 | Depths:3 | Found a one-way gateway to a ziggurat.
 60142 | Depths:3 | Received a gift from Trog
 60236 | Depths:3 | Found a runed door.
 60548 | Depths:3 | Noticed a dread lich
 60553 | Depths:3 | Noticed an ancient lich
 60557 | Depths:3 | Killed a dread lich
 60566 | Depths:3 | Killed an ancient lich
 60660 | Depths:3 | Reached skill level 15 in Dodging
 60674 | Depths:3 | Found the +18 shield of the Gong {rElec rN+ Will+ EV-5}
 60678 | Depths:3 | Identified the ring "Ecer" {Wiz Int+2}
 60690 | Depths:3 | Acquired 956 gold pieces
 60724 | Depths:3 | Identified the ring of Iliehopt {Will+ Dex+7 SInv}
 60727 | Depths:3 | Identified the +0 pair of gloves "Qegoacecs" {rPois Will++}
 60932 | Depths:4 | Found Luziyche's Antique Weapon Shoppe.
 61090 | Depths:4 | Reached XP level 24. HP: 172/172 MP: 23/23
 61463 | Depths:4 | Noticed a caustic shrike
 61463 | Depths:4 | Noticed a caustic shrike
 61463 | Depths:4 | Noticed a caustic shrike
 61463 | Depths:4 | Noticed a caustic shrike
 61463 | Depths:4 | Noticed a caustic shrike
 62767 | Depths:4 | Found a gate to the Realm of Zot.
 62785 | Zot:1    | Entered Level 1 of the Realm of Zot
 62828 | Zot:1    | Noticed a curse toe
 62982 | Zot:1    | Killed a curse toe
 63595 | Zot:1    | Received a gift from Trog
 63967 | Zot:2    | Noticed a curse toe
 64153 | Zot:1    | Killed a curse toe
 64511 | Zot:1    | Noticed a curse toe
 64527 | Zot:1    | Killed a curse toe
 66048 | Zot:3    | Received a gift from Trog
 66049 | Zot:3    | Reached XP level 25. HP: 112/180 MP: 23/23
 66573 | Zot:2    | Reached skill level 26 in Armour
 66635 | Zot:2    | Identified the +3 sling of Resourcefulness {venom, Will++
                  | SInv Stlth+}
 66811 | Zot:2    | Noticed an orb of fire
 66816 | Zot:2    | Gained mutation: You occasionally lose the ability to drink
                  | potions when taking damage. [an orb of fire]
 66823 | Zot:2    | Killed an orb of fire
 68212 | Zot:3    | Identified the +8 trident "Rese" {vorpal, Str+2 Dex+2
                  | Stlth+} (Trog gifted it to you on level 3 of the Realm of
                  | Zot)
 68212 | Zot:3    | Received a gift from Trog
 69996 | Zot:5    | Entered Level 5 of the Realm of Zot
 71001 | Zot:5    | Noticed an ancient lich
 71001 | Zot:5    | Noticed a dread lich
 71009 | Zot:5    | Killed a dread lich
 71010 | Zot:5    | Reached XP level 26. HP: 188/188 MP: 7/23
 71014 | Zot:5    | Killed an ancient lich
 71029 | Zot:5    | Noticed an ancient lich
 71030 | Zot:5    | Noticed a Killer Klown
 71033 | Zot:5    | Noticed an orb of fire
 71033 | Zot:5    | Noticed a Killer Klown
 71101 | Zot:5    | Killed an ancient lich
 71338 | Zot:5    | Received a gift from Trog
 71505 | Zot:5    | Noticed a Killer Klown
 71536 | Zot:5    | Killed a Killer Klown
 71542 | Zot:5    | Killed a Killer Klown
 71712 | Zot:5    | Noticed a Killer Klown
 71729 | Zot:5    | Killed a Killer Klown
 71944 | Zot:5    | Reached skill level 15 in Throwing
 72002 | Zot:5    | Noticed a dread lich
 72025 | Zot:5    | Killed a Killer Klown
 72042 | Zot:5    | Noticed a Killer Klown
 72054 | Zot:5    | Killed a Killer Klown
 72068 | Zot:5    | Noticed a dread lich
 72074 | Zot:5    | Noticed a dread lich
 72084 | Zot:5    | Killed a dread lich
 72379 | Zot:5    | Noticed a Killer Klown
 72392 | Zot:5    | Killed a Killer Klown
 72471 | Zot:5    | Reached skill level 27 in Armour
 72483 | Zot:5    | Noticed an orb of fire
 72490 | Zot:5    | Noticed an ancient lich
 72494 | Zot:5    | Gained mutation: You are weak. (Str -2) [an orb of fire]
 72500 | Zot:5    | Killed an orb of fire
 72511 | Zot:5    | Killed an ancient lich
 72573 | Zot:5    | Noticed a dread lich
 72573 | Zot:5    | Noticed a dread lich
 72605 | Zot:5    | Killed a dread lich
 73336 | Zot:5    | Killed an orb of fire
 73346 | Zot:5    | Killed a dread lich
 73367 | Zot:5    | Killed from afar by a Brimstone Fiend

Illustrated notes

Levels and vault maps discovered:
D:1:      kennysheep_arrival_forest, layout_basic, serial_shops,
          nicolae_shop_behind_doors
D:2:      wander_river, layout_basic, shapermc_ecumenical_altar_ellora,
          minmay_hexomino_f4
D:3:      cheibrodos_fertilizer, layout_loops_ring, portal_sewer_entry_f,
          chequers_serial_rivers_micro_d, grunt_ministairs_2
D:4:      layout_cave_pools, mainiacjoe_overflow_surrounded_room, minitemple,
          minmay_misc_feat_alley, uniq_sigmund, uniq_ijyb, uniq_grinder
D:5:      layout_basic, serial_shops, shop, uniq_pikel
D:6:      layout_gridville, minmay_ruined_shrine, uniq_edmund
D:7:      layout_basic, minmay_temple_entry_water_ring,
          minmay_misc_feat_diagonals, uniq_duvessa, uniq_menkaure
D:8:      layout_basic, pf_just_have_faith
D:9:      layout_basic, grunt_lair_entry_orc_guard_hut, grunt_decor_junction,
          hangedman_abyss_or_decor_lesser_grid, uniq_erica, uniq_grum
D:10:     layout_long_grid, uniq_harold, uniq_lodul, uniq_fannar, uniq_joseph
D:11:     layout_big_octagon, david_orc_5, serial_rivers,
          chequers_serial_rivers_micro_a, chequers_serial_rivers_micro_b,
          chequers_serial_rivers_micro_a, chequers_serial_rivers_marsh
D:12:     layout_loops_cross
D:13:     layout_basic, lightli_vaults_fourway_checkpoint, serial_shops,
          nicolae_shop_stone, vehumet_crystals
D:14:     layout_gridville, nicolae_qazlal_style_of_elements
D:15:     grunt_enter_depths_magical_seal, layout_stronghold,
          portal_ice_cave_entry_ice_statue_one, minmay_crystal_water,
          uniq_agnes, uniq_kirke
Temple:   compressed_dpeg_circular_temple
Lair:1:   beast_lair_carwin_large_3, layout_gridlike, serial_bayou_pond_a,
          dreamdust_gnoll_shepherd, serial_bayou_shore_b
Lair:2:   layout_hall_layers, minmay_shoals_entry_hut
Lair:3:   layout_regular_city, minmay_snake_entry_guardpost_large,
          serial_bayou_pond_c, lemuel_fruit_tree, uniq_gastronok
Lair:4:   layout_small_grid
Lair:5:   minmay_lair_end_enchanted_forest, layout_regular_city,
          minmay_slime_entry_oklob_open, minmay_lair_drake_nest, uniq_snorg
Shoals:1: cheibrodos_shoals_baths, layout_shoals, serial_shops,
          nicolae_diamond_shop, hangedman_shoals_cup_caves
Shoals:2: cheibrodos_shoals_satyrical_garden, layout_shoals, uniq_ilsuiw
Shoals:3: cheibrodos_shoals_gigantism, layout_shoals, serial_shops, shop,
          gammafunk_ghost_tricky_traps, nicolae_shop_firing_range
Shoals:4: shoals_end_simple, layout_shoals, shoals_ilsuiw_ice, ldierk_geyser,
          nicolae_shoals_land_atoll
Snake:1:  layout_basic, uniq_aizul, uniq_donald
Snake:2:  layout_grid_maze, serial_shops, nicolae_shop_overgrown_old_shop,
          hangedman_snake_sidewinding
Snake:3:  layout_concentric_octagons, serial_bayou_shore_b, uniq_jorgrun
Snake:4:  snake_pit_salamanders_mu, layout_concentric_octagons, uniq_louise
Orc:1:    layout_caves, nicolae_orc_pool_cavern
Orc:2:    grunt_orc_community_town_hall, layout_caves,
          grunt_orc_community_big_house_2, grunt_orc_community_big_house_1,
          grunt_orc_community_house_2, grunt_orc_community_house_1,
          grunt_orc_community_house_3, grunt_orc_community_house_1,
          kennysheep_orc_sif_temple
Vaults:1: ebering_ghost_gozag, vaults_mumra_minichess, vaults_room_corners,
          v_misc_3, grunt_vaults_funnel, vaults_room_large_hall,
          gammafunk_sealed_arena, nicolae_vaults_stairing_the_circle,
          vaults_room_grunt_arrival_ludios, ontoclasm_vaults_ring_small,
          v_misc_19, layout_vaults_ring
Vaults:2: nicolae_vaults_alarming, ontoclasm_vaults_hangar,
          hangedman_vaults_impose, vaults_dpeg_doors, vaults_room_octagon,
          v_misc_17, serial_ice_b, nicolae_vaults_quadrants, vaults_mumra_lcd,
          hangedman_vaults_stretched_pinwheel, nicolae_vaults_rhombus_5,
          v_misc_8, ontoclasm_vaults_misaligned, layout_vaults_omnibox
Vaults:3: hangedman_vaults_restitches, nicolae_vaults_network_square,
          minmay_crypt_entry_vampire_xt, vaults_room_door_hall,
          nicolae_vaults_mini_display_case, vaults_room_pools,
          vaults_standard_mumra_enter_the_diamond, v_misc_16,
          ontoclasm_vaults_pinch, v_misc_24, layout_vaults_chaotic_city,
          serial_shops, shop, uniq_xtahua
Vaults:4: vaults_dpeg_cross, vaults_room_fancy_cross, v_misc_11,
          ontoclasm_vaults_chip, v_pattern_5, vaults_room_hallway,
          layout_vaults_quadrants
Vaults:5
Depths:1: layout_basic, enter_trove_1, grunt_hell_entry_dis_grunt, pan_entry,
          kennysheep_doodads, minmay_shop_enchanted_jewellery,
          nicolae_diode_basic, serial_bayou_shore_a, uniq_nikola
Depths:2: minmay_the_grid_octo_triangle [minmay_the_grid_octo_clover,
          minmay_the_grid_octo_prize_single_spiral,
          minmay_the_grid_octo_thin_diamonds], layout_honeycomb, hell_entry,
          serial_shops, nicolae_shop_hallway_stairs, pan_entry,
          minmay_serpent_palace
Depths:3: evilmike_wizard_prison, layout_cave_shapes, enter_ziggurat_f,
          grunt_hell_horde, abyss_entry, fedhas_altar_3,
          minmay_misc_feat_plants, minmay_shoptagon,
          infiniplex_staircase_zigzag_2
Depths:4: evilmike_zot_entry_hall, layout_cave_pools, serial_shops,
          nicolae_square_shop, grunt_decor_mini_mirrors, pf_hell_entry_tar_river
Zot:1:    layout_twisted_circle, st_stairs_5
Zot:2:    kennysheep_blocky_room, layout_misc_corridors, st_stairs_9,
          zot_minivault_1
Zot:3:    lemuel_halls_of_wrath, layout_gridlike, st_stairs_8,
          grunt_ministairs_8
Zot:4:    lemuel_draconian_sentries_small, layout_cathedral_of_symmetry
Zot:5:    layout_cathedral_of_symmetry

Skill      XL: |  1  2  3  4  5  6  7  8  9 10 11 12 13 14 15 16 17 18 19 20 21 22 23 24 25 26 |
---------------+-------------------------------------------------------------------------------+-----
Maces & Flails | 4 5 6 7 10 11 13 14 15 16 | 16.0
Armour         | 5 6 8 11 13 14 16 18 19 20 21 23 24 25 26 27 | 27.0
Fighting       | 5 7 9 11 13 14 15 16 18 20 21 22 23 24 25 26 | 26.1
Throwing       | 4 6 8 9 10 11 14 16 | 16.5
Dodging        | 4 6 7 8 9 11 12 13 14 15 16 17 | 17.4
Shields        | 4 7 9 12 14 16 18 19 21 22 23 | 23.0
Evocations     | 2 5 7 9 10 11 12 13 | 13.0

Action                   |  1- 3 |  4- 6 |  7- 9 | 10-12 | 13-15 | 16-18 | 19-21 | 22-24 | 25-27 || total
-------------------------+-------+-------+-------+-------+-------+-------+-------+-------+-------++-------
Melee: Mace              |   138 |    58 |       |       |       |       |       |       |       ||   196
       Morningstar       |       |   116 |   272 |   506 |  1286 |   798 |    38 |    63 |   110 ||  3189
       Punch             |       |     1 |     1 |     4 |     3 |       |       |       |       ||     9
       Eveningstar       |       |       |       |       |       |   660 |  1406 |  1559 |   843 ||  4468
Throw: Stone             |       |    19 |       |       |       |       |       |       |       ||    19
       Boomerang         |       |       |    13 |    25 |    36 |    12 |       |     7 |    92 ||   185
       Dart              |       |       |     9 |       |     2 |       |       |       |       ||    11
Invok: Berserk           |     2 |       |     4 |     5 |    10 |     3 |     4 |     5 |     2 ||    35
       Trog's Hand       |       |       |     6 |     3 |     6 |     7 |     8 |     6 |     4 ||    40
Evoke: Wand              |       |       |       |       |    10 |       |     1 |       |       ||    11
       Condenser vane    |       |       |       |       |       |       |     1 |       |     1 ||     2
  Use: Scroll            |     1 |       |    17 |     3 |     8 |    14 |    10 |    14 |    12 ||    79
       Potion            |       |       |       |       |     1 |     1 |     2 |       |     2 ||     6
 Stab: Sleeping          |     1 |       |       |       |       |       |       |       |       ||     1
       Distracted        |       |       |       |       |       |       |       |     2 |       ||     2
Armor: Animal skin       |    62 |    26 |       |       |       |       |       |       |       ||    88
       Ring mail         |       |    42 |   130 |    32 |       |       |       |       |       ||   204
       Chain mail        |       |       |       |   107 |       |       |       |       |       ||   107
       Plate armour      |       |       |       |    62 |   522 |   537 |   612 |   468 |       ||  2201
       Gold dragon scale |       |       |       |       |       |       |       |   217 |   414 ||   631
Dodge: Dodged            |    79 |    86 |   121 |   304 |   568 |   561 |   457 |   473 |   276 ||  2925
       Repelled          |       |       |     1 |     4 |    33 |    28 |     8 |    26 |       ||   100
Block: Other             |       |       |       |    69 |    64 |       |       |       |       ||   133
       Buckler           |       |       |       |       |   182 |       |       |       |       ||   182
       Reflection        |       |       |       |       |    38 |   107 |    63 |    26 |    11 ||   245
       Tower shield      |       |       |       |       |   174 |   218 |       |       |       ||   392
       Kite shield       |       |       |       |       |    78 |  1079 |  1224 |  1358 |   757 ||  4496
